TOP OF THE 1ST |
Brevard County Manatees batting - Pitching for Charlotte Stone Crabs : RHP Adam Householder
|
Pitching: RHP Adam Householder
|
|
Batting: RHB Chris Maul
|
0-0: Called Strike 0-1: Ball 1-1: Ball 2-1: Foul Ball, location: 2F 2-2: Foul Ball, location: 2F 2-2: Ground out 6-3 (Groundball, 6, EV 105.6 MPH)
|
Batting: RHB Chris Fruit
|
0-0: Ball 1-0: Ball 2-0: Ball 3-0: Called Strike 3-1: Called Strike 3-2: Base on Balls
|
Batting: LHB Mark Backstrom
|
0-0: Ball 1-0: DOUBLE (Line Drive, 9LD, EV 103.8 MPH) Chris Fruit to third Runner from 3rd tries for Home, SAFE, throw by RF to trailing runner, OUT at third! 9-3-5
|
Batting: RHB Alfredo Sena
|
0-0: Called Strike 0-1: Ball 1-1: Ball 2-1: Ball 3-1: Called Strike 3-2: Ground out 1-3 (Groundball, 13, EV 72.5 MPH)
|
Top of the 1st over - 1 run, 1 hit, 0 errors, 0 left on base; Brevard County 1 - Charlotte 0 |
BOTTOM OF THE 1ST |
Charlotte Stone Crabs batting - Pitching for Brevard County Manatees : LHP Hiroshi Matsuda
|
Pitching: LHP Hiroshi Matsuda
|
|
Batting: RHB Wan-ling Zhu
|
0-0: Ball 1-0: Ball 2-0: Ball 3-0: Base on Balls
|
Batting: RHB Tim Dower
|
0-0: Ball 1-0: Foul Ball, location: 2F 1-1: Called Strike 1-2: Ball 2-2: Strikes out looking
|
Batting: RHB Adam Turpin
|
0-0: Ball Wan-ling Zhu is caught stealing 2nd base 2-4 1-0: Called Strike 1-1: Ball 2-1: Foul Ball, location: 2F 2-2: Strikes out swinging
|
Bottom of the 1st over - 0 runs, 0 hits, 0 errors, 0 left on base; Brevard County 1 - Charlotte 0 |
TOP OF THE 2ND |
Brevard County Manatees batting - Pitching for Charlotte Stone Crabs : RHP Adam Householder
|
Batting: RHB Ryan Miller
|
0-0: Foul Ball, location: 2F 0-1: Swinging Strike 0-2: Strikes out swinging
|
Batting: RHB Tony Beaumond
|
0-0: Swinging Strike 0-1: Ground out 5-3 (Groundball, 5S, EV 70.6 MPH)
|
Batting: RHB Fernando Mejia
|
0-0: Foul Ball, location: 2F 0-1: Ball 1-1: Called Strike 1-2: Strikes out swinging
|
Top of the 2nd over - 0 runs, 0 hits, 0 errors, 0 left on base; Brevard County 1 - Charlotte 0 |
BOTTOM OF THE 2ND |
Charlotte Stone Crabs batting - Pitching for Brevard County Manatees : LHP Hiroshi Matsuda
|
Batting: RHB Alex Zamora
|
0-0: Ball 1-0: Called Strike 1-1: Called Strike 1-2: Ball 2-2: Foul Ball, location: 2F 2-2: Foul Ball, location: 2F 2-2: Strikes out swinging
|
Batting: SHB Luis Verduzco
|
0-0: Called Strike 0-1: Ground out 3-1 (Groundball, 34, EV 105.0 MPH)
|
Batting: RHB Mikey Sano
|
0-0: Swinging Strike 0-1: Ball 1-1: Foul Ball, location: 2F 1-2: Strikes out looking
|
Bottom of the 2nd over - 0 runs, 0 hits, 0 errors, 0 left on base; Brevard County 1 - Charlotte 0 |
TOP OF THE 3RD |
Brevard County Manatees batting - Pitching for Charlotte Stone Crabs : RHP Adam Householder
|
Batting: LHB Bill Kovac
|
0-0: Foul Ball, location: 2F 0-1: Called Strike 0-2: Ball 1-2: Strikes out swinging, 2-3 out at first.
|
Batting: RHB Kelan Rae
|
0-0: Foul Ball, location: 2F 0-1: Swinging Strike 0-2: Strikes out swinging
|
Batting: RHB Chris Maul
|
0-0: Called Strike 0-1: SINGLE (Line Drive, 6D, EV 101.2 MPH)
|
Batting: RHB Chris Fruit
|
0-0: Called Strike 0-1: Ball 1-1: Fielders Choice at 2nd, 6-4 (Groundball, 6, EV 91.9 MPH)
|
Top of the 3rd over - 0 runs, 1 hit, 0 errors, 1 left on base; Brevard County 1 - Charlotte 0 |
BOTTOM OF THE 3RD |
Charlotte Stone Crabs batting - Pitching for Brevard County Manatees : LHP Hiroshi Matsuda
|
Batting: RHB Jason Penfield
|
0-0: Ball 1-0: DOUBLE (Line Drive, 9LS, EV 110.6 MPH)
|
Batting: LHB Eduardo Lopez
|
0-0: Called Strike 0-1: Foul Ball, location: 2F 0-2: Strikes out looking
|
Batting: RHB Jim Erdody
|
0-0: Ball 1-0: Ground out 6-3 (Groundball, 6, EV 100.6 MPH)
|
Batting: RHB Wan-ling Zhu
|
0-0: Ground out 1-3 (Groundball, 13, EV 69.4 MPH)
|
Bottom of the 3rd over - 0 runs, 1 hit, 0 errors, 1 left on base; Brevard County 1 - Charlotte 0 |
TOP OF THE 4TH |
Brevard County Manatees batting - Pitching for Charlotte Stone Crabs : RHP Adam Householder
|
Batting: LHB Mark Backstrom
|
0-0: Ball 1-0: Called Strike 1-1: Foul Ball, location: 2F 1-2: Strikes out swinging
|
Batting: RHB Alfredo Sena
|
0-0: Called Strike 0-1: Called Strike 0-2: Ball 1-2: Ball 2-2: Ball 3-2: Foul Ball, location: 2F 3-2: Fly out, F9 (Flyball, 9, EV 84.4 MPH)
|
Batting: RHB Ryan Miller
|
0-0: Swinging Strike 0-1: Ball 1-1: Ground out U3 (Groundball, 34, EV 100.6 MPH)
|
Top of the 4th over - 0 runs, 0 hits, 0 errors, 0 left on base; Brevard County 1 - Charlotte 0 |
BOTTOM OF THE 4TH |
Charlotte Stone Crabs batting - Pitching for Brevard County Manatees : LHP Hiroshi Matsuda
|
Batting: RHB Tim Dower
|
0-0: Ball 1-0: Ball 2-0: Ball 3-0: Called Strike 3-1: Base on Balls
|
Pitching: RHP Corey Pierce
|
|
Batting: RHB Adam Turpin
|
0-0: Swinging Strike 0-1: Ball 1-1: Swinging Strike 1-2: Ball 2-2: Ball 3-2: Fly out, F8 (Flyball, 8LM, EV 88.8 MPH)
|
Batting: RHB Alex Zamora
|
0-0: Ball 1-0: Called Strike 1-1: Swinging Strike 1-2: Ball 2-2: Ball 3-2: Base on Balls Tim Dower to second
|
Batting: SHB Luis Verduzco
|
0-0: Called Strike 0-1: Ball 1-1: Called Strike 1-2: Strikes out looking
|
Batting: RHB Mikey Sano
|
0-0: Ball 1-0: Ball 2-0: Fielders Choice at 2nd, 5-4 (Groundball, 5, EV 83.8 MPH)
|
Bottom of the 4th over - 0 runs, 0 hits, 0 errors, 2 left on base; Brevard County 1 - Charlotte 0 |
TOP OF THE 5TH |
Brevard County Manatees batting - Pitching for Charlotte Stone Crabs : RHP Adam Householder
|
Batting: RHB Tony Beaumond
|
0-0: SINGLE (Groundball, 56D, EV 105.0 MPH)
|
Batting: RHB Fernando Mejia
|
0-0: Ball 1-0: Foul Ball, location: 2F 1-1: Foul Ball, location: 2F 1-2: Ball 2-2: Strikes out looking
|
Batting: LHB Bill Kovac
|
0-0: Ball 1-0: Ball 2-0: Ball 3-0: Base on Balls Tony Beaumond to second
|
Batting: RHB Kelan Rae
|
0-0: Ball 1-0: Called Strike 1-1: TRIPLE (Line Drive, 8RXD, EV 96.9 MPH) Tony Beaumond scores Bill Kovac scores
|
Batting: RHB Chris Maul
|
0-0: Foul Ball, location: 2F 0-1: Ball 1-1: Ball 2-1: Ball 3-1: Base on Balls
|
Batting: RHB Chris Fruit
|
0-0: Called Strike 0-1: Foul Ball, location: 2F 0-2: Foul Ball, location: 2F 0-2: Ball 1-2: Ball 2-2: Ball 3-2: Fly out, F8 (Line Drive, 8RM, EV 85.6 MPH) Runner from 3rd tags up, SCORES, throw by CF
|
Batting: LHB Mark Backstrom
|
0-0: Ball 1-0: Ball Chris Maul steals 2nd, throwing error, E2 Chris Maul to third 2-0: Ball 3-0: Called Strike 3-1: Called Strike 3-2: Strikes out swinging
|
Top of the 5th over - 3 runs, 2 hits, 1 error, 1 left on base; Brevard County 4 - Charlotte 0 |
BOTTOM OF THE 5TH |
Charlotte Stone Crabs batting - Pitching for Brevard County Manatees : RHP Corey Pierce
|
Batting: RHB Jason Penfield
|
0-0: Swinging Strike 0-1: DOUBLE (Line Drive, 7LM, EV 108.8 MPH)
|
Batting: LHB Eduardo Lopez
|
0-0: Ball 1-0: Foul Ball, location: 2F 1-1: Foul Ball, location: 2F 1-2: Strikes out swinging
|
Batting: RHB Jim Erdody
|
0-0: Swinging Strike 0-1: Ball 1-1: Ground out 6-3 (Groundball, 6, EV 86.9 MPH)
|
Batting: RHB Wan-ling Zhu
|
0-0: Called Strike 0-1: Called Strike 0-2: Foul Ball, location: 2F 0-2: Foul Ball, location: 2F 0-2: Strikes out swinging
|
Bottom of the 5th over - 0 runs, 1 hit, 0 errors, 1 left on base; Brevard County 4 - Charlotte 0 |
TOP OF THE 6TH |
Brevard County Manatees batting - Pitching for Charlotte Stone Crabs : RHP Adam Householder
|
Batting: RHB Alfredo Sena
|
0-0: Called Strike 0-1: Ball 1-1: Ball 2-1: Foul Ball, location: 2F 2-2: Foul Ball, location: 2F 2-2: Ground out 6-3 (Groundball, 56, EV 81.9 MPH)
|
Batting: RHB Ryan Miller
|
0-0: Ball 1-0: Swinging Strike 1-1: Ball 2-1: Foul Ball, location: 2F 2-2: Foul Ball, location: 2F 2-2: SINGLE (Groundball, 4S, EV 75.6 MPH) (infield hit)
|
Batting: RHB Tony Beaumond
|
0-0: Called Strike Ryan Miller is caught stealing 2nd base 2-4 0-1: Reached on error, E5 (Groundball, 56S, EV 79.4 MPH)
|
Batting: RHB Fernando Mejia
|
0-0: Ball 1-0: Called Strike 1-1: Called Strike 1-2: Ball 2-2: Foul Ball, location: 2F 2-2: Strikes out swinging
|
Top of the 6th over - 0 runs, 1 hit, 1 error, 1 left on base; Brevard County 4 - Charlotte 0 |
BOTTOM OF THE 6TH |
Charlotte Stone Crabs batting - Pitching for Brevard County Manatees : RHP Corey Pierce
|
Batting: RHB Tim Dower
|
0-0: Ball 1-0: Foul Ball, location: 2F 1-1: Called Strike 1-2: Ball 2-2: Ball 3-2: Foul Ball, location: 2F 3-2: DOUBLE (Groundball, 5L, EV 100.6 MPH)
|
Batting: RHB Adam Turpin
|
0-0: Ball 1-0: Called Strike 1-1: Called Strike 1-2: Foul Ball, location: 2F 1-2: Foul Ball, location: 2F 1-2: Fly out, F7 (Line Drive, 78M, EV 85.6 MPH)
|
Batting: RHB Alex Zamora
|
0-0: Called Strike 0-1: Ball 1-1: Called Strike 1-2: Foul Ball, location: 2F 1-2: Strikes out looking
|
Batting: SHB Luis Verduzco
|
0-0: Called Strike 0-1: Ball 1-1: Called Strike 1-2: Strikes out swinging
|
Bottom of the 6th over - 0 runs, 1 hit, 0 errors, 1 left on base; Brevard County 4 - Charlotte 0 |
TOP OF THE 7TH |
Brevard County Manatees batting - Pitching for Charlotte Stone Crabs : RHP Adam Householder
|
Pitching: RHP Brandon Isabell
|
|
Batting: LHB Bill Kovac
|
0-0: Ball 1-0: Ball 2-0: Called Strike 2-1: Ball 3-1: Base on Balls
|
Batting: LHB John Fortin
|
0-0: Foul Ball, location: 2F 0-1: Swinging Strike 0-2: Ball 1-2: Ball 2-2: Ball 3-2: Fly out, F9 (Flyball, 89M, EV 96.9 MPH)
|
Batting: RHB Chris Maul
|
0-0: Fly out, F9 (Flyball, 89M, EV 87.5 MPH)
|
Batting: RHB Chris Fruit
|
0-0: Called Strike 0-1: Ball 1-1: Foul Ball, location: 2F 1-2: Strikes out looking
|
Top of the 7th over - 0 runs, 0 hits, 0 errors, 1 left on base; Brevard County 4 - Charlotte 0 |
BOTTOM OF THE 7TH |
Charlotte Stone Crabs batting - Pitching for Brevard County Manatees : RHP Corey Pierce
|
Pitching: RHP Julian Urbina
|
|
Batting: RHB Mikey Sano
|
0-0: Foul Ball, location: 2F 0-1: Swinging Strike 0-2: Strikes out swinging
|
Batting: RHB Jason Penfield
|
0-0: Foul Ball, location: 2F 0-1: Called Strike 0-2: Ball 1-2: Ball 2-2: Ground out 5-3 (Groundball, 56, EV 90.0 MPH)
|
Batting: LHB Eduardo Lopez
|
0-0: Swinging Strike 0-1: Called Strike 0-2: Ball 1-2: Strikes out swinging
|
Bottom of the 7th over - 0 runs, 0 hits, 0 errors, 0 left on base; Brevard County 4 - Charlotte 0 |
TOP OF THE 8TH |
Brevard County Manatees batting - Pitching for Charlotte Stone Crabs : RHP Brandon Isabell
|
Batting: LHB Mark Backstrom
|
0-0: DOUBLE (Line Drive, 3D, EV 94.4 MPH)
|
Batting: RHB Alfredo Sena
|
0-0: Ground out 4-3 (Groundball, 34, EV 92.5 MPH) Mark Backstrom to third
|
Batting: RHB Ryan Miller
|
0-0: Ball 1-0: Swinging Strike 1-1: Ball 2-1: Foul Ball, location: 2F 2-2: Ball 3-2: Ground out 6-3 (Groundball, 6, EV 101.2 MPH) Mark Backstrom scores
|
Batting: RHB Tony Beaumond
|
0-0: Ball 1-0: Ball 2-0: Called Strike 2-1: Swinging Strike 2-2: Ground out U3 (Groundball, 34S, EV 68.8 MPH)
|
Top of the 8th over - 1 run, 1 hit, 0 errors, 0 left on base; Brevard County 5 - Charlotte 0 |
BOTTOM OF THE 8TH |
Charlotte Stone Crabs batting - Pitching for Brevard County Manatees : RHP Julian Urbina
|
Batting: RHB Jim Erdody
|
0-0: Called Strike 0-1: Swinging Strike 0-2: Strikes out swinging
|
Pinch Hitting: LHB Rich Matthews
|
0-0: Ball 1-0: Called Strike 1-1: Ball 2-1: DOUBLE (Line Drive, 89D, EV 114.4 MPH)
|
Batting: RHB Tim Dower
|
0-0: Ball 1-0: SINGLE (Groundball, 6MD, EV 95.6 MPH) Rich Matthews to third Runner from 3rd tries for Home, SAFE, throw by CF to home
|
Batting: RHB Adam Turpin
|
0-0: Ball 1-0: Foul Ball, location: 2F 1-1: Foul Ball, location: 2F 1-2: Foul Ball, location: 2F 1-2: Ball 2-2: Strikes out swinging
|
Batting: RHB Alex Zamora
|
0-0: Called Strike 0-1: Ball 1-1: Swinging Strike 1-2: Strikes out looking
|
Bottom of the 8th over - 1 run, 2 hits, 0 errors, 1 left on base; Brevard County 5 - Charlotte 1 |
TOP OF THE 9TH |
Brevard County Manatees batting - Pitching for Charlotte Stone Crabs : RHP Brandon Isabell
|
Now at 2B: Dave Valdez
|
|
Now at SS: Jim Erdody
|
|
Batting: RHB Fernando Mejia
|
0-0: Foul Ball, location: 2F 0-1: Swinging Strike 0-2: Strikes out looking
|
Batting: LHB Bill Kovac
|
0-0: Ball 1-0: Called Strike 1-1: Fly out, F7 (Flyball, 7D, EV 106.9 MPH)
|
Batting: LHB John Fortin
|
0-0: Ball 1-0: Swinging Strike 1-1: Ground out U3 (Groundball, 34, EV 79.4 MPH)
|
Top of the 9th over - 0 runs, 0 hits, 0 errors, 0 left on base; Brevard County 5 - Charlotte 1 |
BOTTOM OF THE 9TH |
Charlotte Stone Crabs batting - Pitching for Brevard County Manatees : RHP Julian Urbina
|
Batting: SHB Luis Verduzco
|
0-0: Swinging Strike 0-1: Ball 1-1: Called Strike 1-2: Strikes out swinging
|
Batting: RHB Mikey Sano
|
0-0: Ball 1-0: Fly out, F9 (Line Drive, 9, EV 90.0 MPH)
|
Batting: RHB Jason Penfield
|
0-0: Called Strike 0-1: Foul Ball, location: 2F 0-2: Ball 1-2: Ball 2-2: Ball 3-2: Strikes out swinging
|
Bottom of the 9th over - 0 runs, 0 hits, 0 errors, 0 left on base; Brevard County 5 - Charlotte 1 |
|